AoeStats
← DS_Kvothe

Arabia

509490479Analyzed
1v1 RM · 5d ago on Sep 27, 2026· 23m 30s· 2 players
Game mode
Random Map
Map size
Tiny (2 player)
Population
200
Speed
Normal
Resources
Standard
Victory
Conquest
Starting age
Dark Age
Ending age
Imperial Age
RankedLock teamsTeams togetherTeam positionsShared explorationLock speedFull tech treeHidden civsTurbo modeCheats
Victory
Defeat
🇦🇷 Maya · Argentina
1918
+15
🇦🇷 Vikings · Argentina
1900
-15
Vikingo
6:15 Loom
8:45 Feudal Age
9:02 Man-at-Arms
14:22 Double-Bit Axe
15:05 Fletching
21:54 Castle Age
20:23 Horse Collar
20:34 Gold Mining
22:16 Elite Skirmisher
22:17 Crossbowman
DS_Kvothe
0:25 Loom
9:13 Feudal Age
14:49 Fletching
21:01 Castle Age
19:36 Scale Mail Armor
20:04 Padded Archer Armor
21:12 Crossbowman
21:47 Bodkin Arrow
22:01 Double-Bit Axe
24:26 Wheelbarrow
Connection lost

Rejoining the realm…

Still unreachable

The connection could not be restored.

Session expired

The server has moved on; the page needs a fresh start.